 Dungeon Crawl Stone Soup version 0.30-a0-462-gd5975efbca (webtiles) character file.

Game seed: 3664106194464830189

1050 ytrimaz the Magician (level 8, -4/50 HPs)
             Began as a Djinni Fire Elementalist on Dec 16, 2022.
             Killed by divine providence
             ... invoked by an orc priest
              (14 damage)
             ... on level 5 of the Dungeon.
             The game lasted 00:05:36 (5001 turns).

ytrimaz the Magician (Djinni Fire Elementalist)     Turns: 5001, Time: 00:05:37

Health: -4/50      AC:  6    Str:  7    XL:     8   Next: 50%
Gold:   139        EV: 12    Int: 18    God:
                   SH:  0    Dex: 15

rFire   + + .      SeeInvis .    (no weapon)
rCold   x . .      Faith    .    (no shield)
rNeg    . . .      Spirit   .    a - +0 robe
rPois   ∞          Reflect  .    (no helmet)
rElec   .          Harm     .    (no cloak)
rCorr   +          Rampage  .    (no gloves)
Will    .....                    (boots unavailable)
Stlth   ++........               (no amulet)
HPRegen 0.28/turn                h - +4 ring of protection
MPRegen 0.00/turn                m - ring of resist corrosion

@: flying, studying Fighting
A: sickness immunity, fire resistance 2, cold vulnerability 1, float, innate
caster, HP casting, extra vitality 1
a: no special abilities


You were on level 5 of the Dungeon.
You visited 1 branch of the dungeon, and saw 5 of its levels.

You collected 139 gold pieces.


Innate Abilities, Weirdness & Mutations

You are immune to sickness and miasma.
You are immune to poison.
Your flesh is very heat resistant. (rF++)
You are vulnerable to cold. (rC-)
You float through the air rather than walking.
You learn spells naturally, not from books.
Your magical power is your life essence.
You have superior vitality. (+4 MHP)


   Skills:
 - Level 2.1 Dodging
 - Level 1.5 Stealth
 + Level 7.6 Spellcasting


You had 3 spell levels left.
You knew the following spells:

 Your Spells              Type           Power      Damage    Failure   Level
a - Foxfire               Conj/Fire      100%       2x1d9     1%          1
b - Scorch                Fire           68%        2d8       1%          2
c - Kindle Blastsparks    Fire/Tloc/Air  68%        2d15      1%          3
d - Flame Wave            Conj/Fire      34%        2d10      4%          4
e - Inner Flame           Hex/Fire       34%        N/A       1%          3
f - Summon Small Mammal   Summ           100%       N/A       1%          1
g - Ensorcelled Hibernat  Hex/Ice        68%        N/A       1%          2
h - Lesser Beckoning      Tloc           68%        N/A       1%          3
Your spell library was empty.

Inventory:

Armour
 a - a +0 robe (worn)
Jewellery
 h - a +4 ring of protection (left hand)
   (You took it off a goblin on level 1 of the Dungeon)
 m - a ring of resist corrosion (right hand)
   (You found it on level 3 of the Dungeon)
Scrolls
 b - 4 scrolls of teleportation
 c - 3 scrolls of immolation
 i - a scroll of identify
Potions
 d - 2 potions of curing
 e - a potion of ambrosia
 f - a potion of heal wounds {unknown}
 g - a potion of mutation
 j - a potion of degeneration
 l - a potion of brilliance {unknown}

Dungeon Overview and Level Annotations

Branches:
Dungeon (5/15) Zot: 24994  Temple (0/1) D:5

Altars:
Trog

Shops:
D:2

[ #.........#
#....>..o.##. #
#......o....
#.#.##..o##.# ##
...##o.o##.# ###.
.........## ###...
#o##o...)#####...##
#.@)....)......###.
####..#.#####.##...
#..#.# #..#..#
#..#.# ##.##..
.....# #..#..
..###.. ##.### ##.
#.# #..#. #. #.#
##... #.##


You could see an orc priest and an orc wizard.


Message History

Press: ? - help, Dir - look around, f - activate A wave of flame ripples out!
The flame wave engulfs something!
Reactivating autopickup.
You feel a bit more experienced.
The flame wave engulfs the orc priest!
The flame wave engulfs your foxfire.
Your foxfire completely resists. (Press . to intensify the flame waves.)
You hear a shout! x2 😕 HP[-4]
You take 4 damage, and now have 40/50 hp.
A wave of flame ripples out!
The flame wave engulfs the orc priest!
You kill the orc priest!
The flame wave engulfs your foxfire.
Your foxfire completely resists.
You hear a shout! x3
A wave of flame ripples out!
You finish channelling waves of flame. 😕 HP[-1]
You take 1 damage, and now have 39/50 hp.
A shadow imp is nearby!
A shadow imp is nearby!
Casting: Flame Wave (dangerous; 4% risk of failure)
Confirm with . or Enter, or press ? or * to list all spells.
Casting: Flame Wave (dangerous; 4% risk of failure)
Press: ? - help, Dir - look around, f - activate A wave of flame ripples out! (Press . to intensify the flame waves.)
The shadow imp puffs mist at you.
A wave of flame ripples out!
The shadow imp gestures at you. Pain shoots through your body!
A wave of flame ripples out!
The flame wave engulfs the shadow imp!
You kill the shadow imp!
You finish channelling waves of flame. 😮 HP[-11]
You take 11 damage, and now have 28/50 hp.
MASSIVE DAMAGE!! (PAUSE)
An orc priest comes into view. It is wielding a +0 mace. 😕 HP[+14]
You regained 14 hp, and now have 42/50 hp.
An orc comes into view. It is wielding a +0 club.
Things that are here:
a +0 club; a +0 leather armour; 😕 HP[+1]
Casting: Flame Wave (dangerous; 4% risk of failure)
Confirm with . or Enter, or press ? or * to list all spells.
Casting: Flame Wave (dangerous; 4% risk of failure)
Press: ? - help, Dir - look around, f - activate A wave of flame ripples out! (Press . to intensify the flame waves.)
You hear a shout!
The orc priest mumbles some strange prayers to Beogh against you.
Beogh smites you! 😮 HP[-13]
You take 13 damage, and now have 30/50 hp.
MASSIVE DAMAGE!! (PAUSE) Unknown command.
A wave of flame ripples out!
The flame wave engulfs the orc.
The orc barely misses you. 😮 HP[-1]
You take 1 damage, and now have 29/50 hp.
Unknown command.
The orc misses you.
An orc wizard comes into view. It is wielding a +0 dagger.
You are too injured to fight recklessly!
You are too injured to fight recklessly!
An orc priest comes into view. It is wielding a +0 club.
The orc priest calls down the wrath of Beogh upon you.
Pain shoots through your body!
* * * LOW HITPOINT WARNING * * *
😨 HP[-8]
You take 8 damage, and now have 21/50 hp.
Unknown command.
You feel better. The orc hits you with a +0 club.
An orc comes into view. It is wielding a +0 club. 😮 HP[+7]
You regained 7 hp, and now have 28/50 hp.
Casting: Flame Wave (dangerous; 4% risk of failure)
Confirm with . or Enter, or press ? or * to list all spells.
Casting: Flame Wave (dangerous; 4% risk of failure)
Press: ? - help, Dir - look around, f - activate A wave of flame ripples out!
The flame wave engulfs the orc!!
You kill the orc! (Press . to intensify the flame waves.)
* * * LOW HITPOINT WARNING * * *
😨 HP[-3]
You take 3 damage, and now have 25/50 hp.
A wave of flame ripples out!
The flame wave engulfs the orc priest!
* * * LOW HITPOINT WARNING * * *
The orc priest mumbles some strange prayers to Beogh against you.
Beogh smites you!
* * * LOW HITPOINT WARNING * * *
😱 HP[-14]
You take 14 damage, and now have 11/50 hp.
MASSIVE DAMAGE!! (PAUSE)
A wave of flame ripples out!
The flame wave engulfs the orc priest! x2
You kill the orc priest!
* * * LOW HITPOINT WARNING * * *
You finish channelling waves of flame.
The orc priest invokes the aid of Beogh against you.
Beogh smites you!
You die...

Skill      XL: |  1  2  3  4  5  6  7 |
---------------+----------------------+-----
Spellcasting   | 3 4 5 7 |  7.6
Dodging        | |  2.1
Stealth        | |  1.5

Action                   |  1- 3 |  4- 6 |  7- 9 || total
-------------------------+-------+-------+-------++-------
Melee: Unarmed           |     1 |     7 |       ||     8
 Cast: Foxfire           |   105 |   133 |    93 ||   331
       Kindle Blastspark |       |     9 |     4 ||    13
       Flame Wave        |       |     2 |     8 ||    10
  Use: Scroll            |     5 |     6 |     2 ||    13
       Potion            |       |       |     1 ||     1
Armor: Robe              |     3 |     7 |     4 ||    14
Dodge: Dodged            |     4 |    19 |     6 ||    29

Levels and vault maps discovered:
D:1:      ncdulo_lavacross, layout_basic, serial_rivers,
          chequers_serial_rivers_micro_b, chequers_serial_rivers_small_3,
          chequers_serial_rivers_large_b, chequers_serial_rivers_small_a,
          chequers_serial_rivers_micro_a, kennysheep_crisscross
D:2:      layout_loops_corners, serial_shops, nicolae_shop_waterfront,
          minmay_split_cup_small, uniq_natasha, uniq_sigmund
D:3:      layout_loops_ring
D:4:      layout_basic, nicolae_overflow_hidden_temple
D:5:      minmay_skewed_foursquare, layout_loops_cross,
          mainiacjoe_overflow_catch_the_wave, minmay_temple_entry_stoned_glass,
          columned_hall_lemuel, kennysheep_potato

Notes
Turn   | Place    | Note
-------+----------+-------------------------------------------
     0 | D:1      | ytrimaz the Djinni Fire Elementalist began the quest for
                  | the Orb.
     0 | D:1      | ytrimaz set off with the following spells memorised:
                  | Foxfire, Scorch, Kindle Blastsparks, Inner Flame, Flame
                  | Wave.
     0 | D:1      | Reached XP level 1. HP: 15/15 MP: 0/0
     0 | D:1      | magus.rc [v1.9.6]
   157 | D:1      | Reached XP level 2. HP: 18/21 MP: 0/0
   292 | D:1      | Reached skill level 3 in Spellcasting
   504 | D:1      | Reached XP level 3. HP: 21/25 MP: 0/0
   504 | D:1      | Learned a level 1 spell: Summon Small Mammal
  1223 | D:2      | Noticed Natasha
  1230 | D:2      | Killed Natasha
  1231 | D:2      | Reached XP level 4. HP: 30/31 MP: 0/0
  1352 | D:2      | Noticed Natasha
  1358 | D:2      | Killed Natasha
  1362 | D:2      | Reached skill level 4 in Spellcasting
  1624 | D:2      | Found Rotaseme's Antique Armour Shoppe.
  1772 | D:2      | Noticed Natasha
  1781 | D:2      | Killed Natasha
  1782 | D:2      | Reached XP level 5. HP: 31/35 MP: 0/0
  1782 | D:2      | Learned a level 2 spell: Ensorcelled Hibernation
  1891 | D:2      | Noticed Sigmund
  1904 | D:2      | Killed Sigmund
  1905 | D:2      | Reached skill level 5 in Spellcasting
  1905 | D:2      | Reached XP level 6. HP: 30/40 MP: 0/0
  3435 | D:4      | Reached XP level 7. HP: 24/45 MP: 0/0
  3435 | D:4      | Learned a level 3 spell: Lesser Beckoning
  3611 | D:4      | Reached skill level 6 in Spellcasting
  3686 | D:4      | Found a bloodstained altar of Trog.
  3721 | D:4      | Identified a scroll of acquirement
  3721 | D:4      | Acquired a manual of Fighting
  4096 | D:5      | Entered Level 5 of the Dungeon
  4288 | D:5      | Reached skill level 7 in Spellcasting
  4288 | D:5      | Reached XP level 8. HP: 35/50 MP: 0/0
  4921 | D:5      | Found a staircase to the Ecumenical Temple.
  5000 | D:5      | HP: 11/50 [orc priest/divine providence (13)]
  5001 | D:5      | Killed from afar by an orc priest

Vanquished Creatures
  Sigmund (D:2)
  2 orc warriors (D:5)
  A centaur (D:4)
  2 phantoms
  A howler monkey (D:5)
  A hound (D:4)
  A jelly (D:5)
  2 orc priests (D:5)
  2 orc wizards (D:5)
  4 iguanas
  Natasha (thrice) (D:2)
  2 adders
  A shadow imp (D:5)
  A white imp (D:4)
  3 worms
  2 dart slugs
  10 orcs
  9 ball pythons
  5 endoplasms
  5 giant cockroaches
  5 hobgoblins
  12 kobolds
  2 quokkas
  6 bats
  4 frilled lizards
  9 goblins
  6 rats
102 creatures vanquished.

Vanquished Creatures (others)
  456 foxfires
456 creatures vanquished.

Grand Total: 558 creatures vanquished

Table legend:
 A = Non-vault XP
 B = Vault XP
 C = Vault XP percentage of total XP
 D = Non-vault monster count
 E = Vault monster count
 F = Vault count percentage of total count
                 A         B        C        D         E       F
            +---------+---------+-------+---------+---------+-------
      Total |     997 |     547 |  35.4 |      92 |      10 |   9.8
            +---------+---------+-------+---------+---------+-------
        D:1 |      39 |       0 |   0.0 |      25 |       0 |   0.0
        D:2 |      93 |     280 |  75.1 |      16 |       5 |  23.8
        D:3 |      56 |       0 |   0.0 |      22 |       0 |   0.0
        D:4 |     316 |       0 |   0.0 |      14 |       0 |   0.0
        D:5 |     493 |     267 |  35.1 |      15 |       5 |  25.0
            +---------+---------+-------+---------+---------+-------

Illustrated notes

Table legend:
 A = Kills in this place as a percentage of kills in entire the game.
 B = Kills by you in this place as a percentage of kills by you in the entire game.
 C = Kills by friends in this place as a percentage of kills by friends in the entire game.
 D = Other kills in this place as a percentage of other kills in the entire game.
 E = Experience gained in this place as a percentage of experience gained in the entire game.
 F = Experience gained in this place divided by the number of levels of this place that you have seen.
                   A       B       C       D       E      F
               +-------+-------+-------+-------+-------+----------------------
         Total | 100.0 | 100.0 |   N/A |   N/A | 100.0 | 308.8
       Dungeon | 100.0 | 100.0 |   N/A |   N/A | 100.0 | 308.8
               +-------+-------+-------+-------+-------+----------------------

Table legend: (Time is in decaauts)
 A = Elapsed time spent in this place.
 B = Non-inter-level travel time spent in this place.
 C = Inter-level travel time spent in this place.
 D = Time resting spent in this place.
 E = Time spent auto-exploring this place.
 F = Levels seen in this place.
 G = Mean time per level.
                   A        B        C        D        E       F      G
               +--------+--------+--------+--------+--------+-----+--------+
         Total |   5004 |   4898 |    106 |     87 |   4069 |   5 | 1000.8 |
       Dungeon |   5004 |   4898 |    106 |     87 |   4069 |   5 | 1000.8 |
               +--------+--------+--------+--------+--------+-----+--------+

Top non-repeatable levels by time:
     D:2: 1156 daAuts
     D:1: 1135 daAuts
     D:3: 1110 daAuts
     D:5: 904 daAuts
     D:4: 697 daAuts
